Match 36660621
Unlisted

Match 36660621
End
Construct Barracks
Riflemen Squad
Selects Armored Battlegroup
Selects Assault Engineers
Assault Engineer Squad
Assault Engineer Squad
Riflemen Squad
Construct Medical Station
M1 Mortar Team
Mechanized Support Center
M1918 Browning Automatic Rifles
Selects Fast Deploy
Selects M8 Scott SPG
Selects UNKNOWN (2160077)
Construct Tank Depot
Construct Motor Pool
Construct Tank Depot
Selects M31 Recovery Vehicle
Selects War Machine
Riflemen Squad
M4A3E8 Sherman Easy Eight
Designate Forward Repair Station
M4A3E8 Sherman Easy Eight
M4A3E8 Sherman Easy Eight
Bruistablet
Gaz
Silver
502 Heavy
0
0

Comments sign in to comment!

No comments posted yet!